 Dungeon Crawl Stone Soup version 0.29.1 (webtiles) character file.

Game seed: 12535599476172318522

16793 groovy9 the Severer (level 12, 0/154 HPs)
             Began as a Hill Orc Fighter on Sept 14, 2022.
             Was a Priest of Makhleb.
             Slain by a komodo dragon (21 damage)
             ... on level 2 of the Lair of Beasts.
             The game lasted 00:58:26 (13021 turns).

groovy9 the Severer (Hill Orc Fighter)             Turns: 13021, Time: 00:58:26

Health: 0/154      AC: 26    Str: 24    XL:     12   Next: 41%
Magic:  16/16      EV:  2    Int:  8    God:    Makhleb [***...]
Gold:   1007       SH:  5    Dex: 10    Spells: 10/11 levels left

rFire   . . .      SeeInvis .   p - +5 mace "Gadau" {flame, rElec rC+ rN+}
rCold   + . .      Faith    .   c - +0 buckler
rNeg    + + .      Spirit   .   (body armour currently unavailable)
rPois   +          Reflect  .   (helmet currently unavailable)
rElec   +          Harm     .   (cloak currently unavailable)
rCorr   .          Rampage  .   (gloves currently unavailable)
Will    .....      NoTele   +   (boots currently unavailable)
Stlth   +.........              (no amulet)
HPRegen 0.35/turn               o - ring of poison resistance
MPRegen 0.15/turn               K - ring of positive energy

@: tree-form
A: stationary, stasis, torment immunity, boosted hp
a: Renounce Religion, Minor Destruction, Lesser Servant of Makhleb


You were on level 2 of the Lair of Beasts.
You worshipped Makhleb.
Makhleb was most pleased with you.
You were a tree.
You visited 3 branches of the dungeon, and saw 13 of its levels.
You also visited: Ossuary.

You collected 1046 gold pieces.
You spent 39 gold pieces at shops.

Inventory:

Hand Weapons
 a - a +0 war axe
 p - the +5 mace "Gadau" (weapon) {flame, rElec rC+ rN+}
   (You found it on level 5 of the Dungeon)

   It burns those it strikes, dealing additional fire damage.
   rC:        It protects you from cold.
   rElec:     It insulates you from electricity.
   rN:        It protects you from negative energy.
Missiles
 h - 43 poisoned darts
 l - 22 boomerangs
Armour
 c - a +0 buckler (worn)
 d - a +0 cloak (melded)
 k - a +1 pair of gloves (melded)
 q - the +5 scale mail "Sidgh" (melded) {Drain rPois Regen+ Int-5}
   (You found it on level 5 of the Dungeon)

   Int:       It affects your intelligence (-5).
   rPois:     It protects you from poison.
   Regen:     It increases your rate of health regeneration.
   Drain:     It drains your maximum health when unequipped.
 s - a +0 pair of boots (melded)
 H - a +0 helmet (melded)
Jewellery
 o - a ring of poison resistance (left branch)
 u - an amulet of faith
 y - a ring of wizardry
 z - a ring of fire
 J - a +6 ring of dexterity
 K - a ring of positive energy (right branch)
Wands
 n - a wand of mindburst (11)
 C - a wand of charming (20)
 F - a wand of flame (70)
 G - a wand of digging (8)
 N - a wand of acid (2)
Scrolls
 f - 3 scrolls of enchant weapon
 m - 7 scrolls of vulnerability
 r - 2 scrolls of amnesia
 w - 2 scrolls of magic mapping
 A - 6 scrolls of teleportation
 D - a scroll of identify
 E - a scroll of butterflies
 M - a scroll of poison
 O - a scroll of brand weapon
Potions
 b - 6 potions of mutation
 e - 3 potions of curing
 i - 4 potions of cancellation
 j - 4 potions of resistance
 t - 3 potions of flight
 v - 3 potions of magic
 x - 2 potions of brilliance
 B - a potion of ambrosia


   Skills:
 + Level 8.9 Fighting
 - Level 17.5 Axes
 + Level 8.1 Armour
 + Level 8.1 Shields
 - Level 0.4 Spellcasting
 + Level 5.6 Transmutations
 + Level 5.8 Invocations


You had 10 spell levels left.
You knew the following spells:

 Your Spells              Type           Power      Damage    Failure   Level
a - Beastly Appendage     Tmut           18%        N/A       5%          1

Your spell library contained the following spells:

 Spells                   Type           Power      Damage    Failure   Level
 Foxfire                  Conj/Fire      0%         2x1d4     45%         1
 Magic Dart               Conj           0%         1d3       45%         1
 Blink                    Tloc           0%         N/A       61%         2
 Call Imp                 Summ           0%         N/A       61%         2
 Static Discharge         Conj/Air       0%         3-3/arc   61%         2
 Blade Hands              Tmut           4%         N/A       82%         5
 Conjure Flame            Conj/Fire      0%         6-21      83%         3
 Inner Flame              Hex/Fire       0%         N/A       83%         3
 Lesser Beckoning         Tloc           0%         N/A       83%         3
 Mephitic Cloud           Conj/Pois/Air  0%         N/A       83%         3
 Portal Projectile        Hex/Tloc       0%         N/A       83%         3
 Tukima's Dance           Hex            0%         N/A       83%         3
 Cause Fear               Hex            0%         N/A       99%         4
 Dispel Undead            Necr           0%         3d6       99%         4
 Flame Wave               Conj/Fire      0%         2d4       99%         4
 Passage of Golubria      Tloc           0%         N/A       99%         4
 Sticky Flame             Conj/Fire      0%         2d3       99%         4
 Yara's Violent Unravell  Hex/Tmut       2%         3d3       99%         5
 Manifold Assault         Tloc           0%         N/A       100%        5
 Discord                  Hex            0%         N/A       100%        8


Dungeon Overview and Level Annotations

Branches:
Dungeon (10/15)            Temple (1/1) D:5            Lair (2/5) D:8
  Swamp (0/4) Lair:2          Orc (0/2) D:9         Ossuary (visited)
  Snake: Lair:2-3    Spider: Lair:2-3

Altars:
Ashenzari
Cheibriados
Dithmenos
Elyvilon
Fedhas
Gozag
Hepliaklqana
Kikubaaqudgha
Makhleb
Nemelex Xobeh
Okawaru
Qazlal
Ru
Sif Muna
Trog
Uskayaw
Vehumet
Wu Jian
Xom
Yredelemnul
Zin
The Shining One

Shops:
D:2 !   D:10 *

Annotations:
D:8 ystael's ghost, novice MiFi


Message History

You feel better. You block the komodo dragon's attack.
You barely miss the komodo dragon. The komodo dragon bites you.
* * * LOW HITPOINT WARNING * * *
You hit the komodo dragon. You burn the komodo dragon.
The komodo dragon is lightly wounded.
The komodo dragon bites you!!
* * * LOW HITPOINT WARNING * * *
As you read the scroll of fear, it crumbles to dust.
You assume a fearsome visage.
The komodo dragon looks frightened!
You cannot move.
You are too injured to fight recklessly!
Aiming: Minor Destruction (1% risk of failure)
Press: ? - help, Shift-Dir - straight line, f - komodo dragon
Aim: a komodo dragon (lightly wounded, fleeing)
The zap misses the komodo dragon.
Aiming: Minor Destruction (1% risk of failure)
Press: ? - help, Shift-Dir - straight line, f - you, p - komodo dragon
Okay, then.
The komodo dragon seems to regain its courage.
Aiming: Minor Destruction (1% risk of failure)
Press: ? - help, Shift-Dir - straight line, f - you, p - komodo dragon That beam is likely to hit you.
Continue anyway?
Okay, then.
Aiming: Minor Destruction (1% risk of failure)
Press: ? - help, Shift-Dir - straight line
Okay, then.
Aiming: Minor Destruction (1% risk of failure)
Press: ? - help, Shift-Dir - straight line, f - komodo dragon
Aim: a komodo dragon (lightly wounded)
The zap misses the komodo dragon.
A demon appears!
Your smoke demon closely misses the komodo dragon.
Your smoke demon hits the komodo dragon.
Your smoke demon closely misses the komodo dragon.
Your smoke demon barely misses the komodo dragon.
Your smoke demon hits the komodo dragon but does no damage. x2
You closely miss the komodo dragon.
The komodo dragon is lightly wounded.
The komodo dragon bites you!!
You die...

#.........§.§§....#
#.....§.§.§§§....# .###
#.....§§.§§.§.....
..#.####......§§§§.......
.P.#...........§§§......#
............#.##.#......#
............########....#
.......3....## ....#
.......l♣....# ...
#......†###### ##......#
#......# #........
##.P...... ####...?..
........ #........l


You could see a komodo dragon (ally target) and a friendly smoke demon
(summoned).

Vanquished Creatures
  A boulder beetle (Lair:1)
  3 death yaks
  A two-headed ogre (D:10)
  A manticore (D:8)
  Maurice (D:9)
  A black mamba (Lair:1)
  A gargoyle (D:10)
  6 cane toads
  A rime drake (Lair:1)
  An unseen horror (D:8)
  3 komodo dragons (Lair:1)
  A troll (D:9)
  5 blink frogs
  A vampire (D:10)
  Sigmund (D:2)
  4 yaks (D:8)
  2 spriggans (D:9)
  3 wyverns
  A steam dragon (D:9)
  3 basilisks
  5 water moccasins
  2 ice beasts (D:7)
  A sky beast (D:6)
  3 black bears
  8 wolves
  3 orc warriors
  2 ogres
  A centaur (D:8)
  A phantom (D:7)
  3 kobold brigands
  A necrophage (D:5)
  5 bullfrogs
  2 gnoll sergeants
  A scorpion (D:7)
  9 wights
  15 killer bees
  An electric eel (D:7)
  4 howler monkeys
  7 bullfrog zombies (Ossuary)
  4 centaur zombies (Ossuary)
  A jelly (D:7)
  3 hounds
  Crazy Yiuf (D:2)
  11 orc priests
  A gnoll bouda (D:10)
  Ijyb (D:5)
  2 iguanas
  10 orc wizards
  8 killer bee zombies (Ossuary)
  Robin (D:3)
  13 mummies
  6 adders
  10 gnolls
  A river rat (D:8)
  A white imp (D:7)
  4 worms
  2 dart slugs (D:1)
  59 orcs
  7 ball pythons
  6 endoplasms
  5 giant cockroaches
  16 goblins
  10 hobgoblins
  9 jackals
  7 quokkas
  2 bats (D:1)
  6 frilled lizards
  16 kobolds
  2 orc zombies (D:4)
  13 rats
353 creatures vanquished.

Vanquished Creatures (others)
  6 fungi
  12 plants
  7 withered plants (Ossuary)
25 creatures vanquished.

Grand Total: 378 creatures vanquished

Notes
Turn   | Place    | Note
-------+----------+-------------------------------------------
     0 | D:1      | groovy9 the Hill Orc Fighter began the quest for the Orb.
     0 | D:1      | Reached XP level 1. HP: 19/19 MP: 1/1
    43 | D:1      | Reached skill level 3 in Axes
   223 | D:1      | Reached XP level 2. HP: 26/26 MP: 2/2
   295 | D:1      | Reached skill level 4 in Axes
   421 | D:1      | Reached XP level 3. HP: 31/31 MP: 3/3
   452 | D:1      | Found a faded altar of an unknown god.
   481 | D:1      | Got Plato's Opusculum on Shapeshifting
   749 | D:1      | Reached skill level 5 in Axes
  1170 | D:2      | Found Dymerib's Distillery.
  1178 | D:2      | Bought a potion of curing for 39 gold pieces
  1406 | D:2      | Reached XP level 4. HP: 39/39 MP: 4/4
  1544 | D:2      | Reached skill level 6 in Axes
  1964 | D:2      | Noticed Sigmund
  1969 | D:2      | Killed Sigmund
  1970 | D:2      | Reached skill level 8 in Axes
  1970 | D:2      | Reached XP level 5. HP: 45/45 MP: 5/5
  1970 | D:2      | Reached XP level 6. HP: 51/51 MP: 6/6
  1994 | D:2      | Found a runed translucent door.
  1995 | D:2      | Noticed Crazy Yiuf
  2000 | D:2      | Killed Crazy Yiuf
  2071 | D:3      | You fall into a shaft and drop 3 floors!
  2080 | D:6      | Noticed a sky beast
  2136 | D:6      | Killed a sky beast
  2137 | D:6      | Reached skill level 9 in Axes
  2502 | D:6      | Reached XP level 7. HP: 56/57 MP: 7/7
  2575 | D:6      | Found a blossoming altar of Fedhas.
  2579 | D:6      | Found an ancient bone altar of Kikubaaqudgha.
  2708 | D:5      | Entered Level 5 of the Dungeon
  2905 | D:5      | Identified the +5 mace "Gadau" {flame, rElec rC+ rN+}
  2914 | D:5      | Identified the +5 scale mail "Sidgh" {Drain rPois Regen+
                  | Int-5}
  3011 | D:4      | Reached skill level 10 in Axes
  3128 | D:4      | Found a sand-covered staircase.
  3133 | Ossuary  | Entered an ossuary
  3165 | Ossuary  | Reached skill level 11 in Axes
  3190 | Ossuary  | Reached XP level 8. HP: 51/64 MP: 8/8
  3245 | Ossuary  | Reached skill level 12 in Axes
  3383 | Ossuary  | Reached skill level 13 in Axes
  4071 | D:3      | Noticed Robin
  4084 | D:3      | Killed Robin
  4742 | D:4      | Reached skill level 14 in Axes
  4916 | D:4      | Reached XP level 9. HP: 70/70 MP: 9/9
  5307 | D:5      | Noticed Ijyb
  5313 | D:5      | Killed Ijyb
  5333 | D:5      | Found a staircase to the Ecumenical Temple.
  5347 | D:5      | Reached skill level 15 in Axes
  5350 | Temple   | Entered the Ecumenical Temple
  6278 | D:7      | Reached skill level 16 in Axes
  6426 | D:7      | Found a glowing silver altar of Zin.
  6446 | D:7      | Found a shadowy altar of Dithmenos.
  6542 | D:7      | Reached skill level 17 in Axes
  6828 | D:7      | Reached XP level 10. HP: 75/77 MP: 10/10
  7084 | D:8      | Found a burning altar of Makhleb.
  7184 | D:8      | Became a worshipper of Makhleb the Destroyer
  7196 | D:8      | Learned a level 1 spell: Beastly Appendage
  7281 | D:8      | Reached skill level 5 in Fighting
  7281 | D:8      | Reached skill level 1 in Transmutations
  7428 | D:8      | Noticed a death yak
  7445 | D:8      | Killed a death yak
  7445 | D:8      | Noticed a death yak
  7446 | D:8      | Reached skill level 5 in Armour
  7446 | D:8      | Reached skill level 5 in Shields
  7447 | D:8      | Noticed a death yak
  7605 | D:7      | Killed a death yak
  7665 | D:8      | Killed a death yak
  7721 | D:8      | Found a staircase to the Lair.
  8144 | D:9      | Reached XP level 11. HP: 89/89 MP: 11/11
  8215 | D:9      | Found a runed translucent door.
  8216 | D:9      | Noticed ystael's ghost (novice MiFi)
  8246 | D:9      | Reached * piety under Makhleb
  8625 | D:9      | Noticed a manticore
  8685 | D:8      | Killed a manticore
  9232 | D:9      | Found a staircase to the Orcish Mines.
  9294 | D:9      | Reached ** piety under Makhleb
  9597 | D:9      | Identified the +2 trident of the Teaching Oracle {venom,
                  | Will+}
  9671 | D:9      | Reached skill level 1 in Invocations
  9724 | D:8      | HP: 4/92 [ystael's ghost (11)]
  9999 | D:10     | Entered Level 10 of the Dungeon
 10133 | D:10     | Noticed a two-headed ogre
 10167 | D:10     | Noticed Maurice
 10222 | D:9      | Killed Maurice
 10772 | D:10     | Killed a two-headed ogre
 10850 | D:10     | Found Etakuev's General Store.
 10976 | Lair:1   | Entered Level 1 of the Lair of Beasts
 11293 | Lair:1   | Found a shimmering blue altar of Sif Muna.
 11381 | Lair:1   | Reached skill level 5 in Transmutations
 11903 | Lair:1   | Reached XP level 12. HP: 80/102 MP: 15/15
 12139 | Lair:1   | Reached *** piety under Makhleb
 12140 | Lair:1   | Reached skill level 5 in Invocations
 12146 | Lair:1   | Noticed a boulder beetle
 12159 | Lair:1   | Killed a boulder beetle
 12959 | Lair:2   | Found a staircase to the Swamp.
 13021 | Lair:2   | Slain by a komodo dragon

Illustrated notes

Levels and vault maps discovered:
D:1:      lemuel_arrival_cross, layout_basic,
          shapermc_ecumenical_altar_rom_forum, minmay_door_square,
          minmay_misc_feat_tower, minmay_rat_gold_closets
D:2:      layout_basic, serial_shops, shop, uniq_sigmund,
          uniq_crazy_yiuf_cottage
D:3:      layout_rooms, portal_sewer_entry_e, uniq_robin
D:4:      layout_loops_corners, nicolae_ossuary_entry_giza, lightli_minifort
D:5:      layout_cave_pools, minmay_temple_entry_mini_moons,
          kennysheep_big_empty_room, kennysheep_small_spiral, uniq_ijyb
D:6:      layout_gridville, grunt_temple_overflow_growth_and_decay
D:7:      wad_river_or_something, layout_cave_pools,
          mainiacjoe_overflow_chevrons,
          mainiacjoe_overflow_concentric_impassable
D:8:      layout_rooms, mainiacjoe_overflow_boulevard, dpeg_lair_monsters,
          hangedman_decor_diamond_cutter
D:9:      layout_cross, hiddenorc2_lemuel, ebering_ghost_funeral_grove
D:10:     layout_loops_cross, serial_shops, kennysheep_mini_moat,
          kennysheep_generic_room_11, uniq_maurice
Temple:   bh_familiar_temple
Lair:1:   layout_layer_cave, basic_altar
Lair:2:   layout_cellular_growth, swamp_mist

Skill      XL: |  1  2  3  4  5  6  7  8  9 10 11 12 |
---------------+-------------------------------------+-----
Axes           | 3 4 5 8 9 11 14 17 | 17.5
Fighting       | 6 8 |  8.9
Armour         | 5 7 8 |  8.1
Shields        | 5 7 8 |  8.1
Transmutations | 3 5 |  5.6
Invocations    | 4 5 |  5.8
Spellcasting   | |  0.4

Action                   |  1- 3 |  4- 6 |  7- 9 | 10-12 || total
-------------------------+-------+-------+-------+-------++-------
Melee: War axe           |   118 |    85 |     5 |       ||   208
       Mace              |       |       |   425 |   731 ||  1156
Throw: Dart              |       |       |       |     2 ||     2
Invok: Minor Destruction |       |       |       |    48 ||    48
       Lesser Servant of |       |       |       |     1 ||     1
  Use: Scroll            |     4 |       |    15 |     8 ||    27
       Potion            |       |     1 |     2 |    11 ||    14
Armor: Scale mail        |    49 |    27 |   240 |   498 ||   814
       Chain mail        |       |    16 |     3 |       ||    19
       Skin              |       |       |       |     1 ||     1
Dodge: Dodged            |    39 |    30 |   134 |   277 ||   480
Block: Buckler           |    28 |    19 |    72 |   167 ||   286
